 Dungeon Crawl Stone Soup version 0.19.1-1-g22dce08 (webtiles) character file.

202 sveltemanboy the Caller (level 5, -13/41 HPs)
             Began as a Draconian Summoner on Jan 11, 2017.
             Mangled by Pikel
             ... wielding a +0 whip of electrocution
              (14 damage)
             ... on level 4 of the Dungeon.
             The game lasted 00:06:58 (3298 turns).

sveltemanboy the Caller (Draconian Summoner)        Turns: 3298, Time: 00:06:58

Health: -13/41     AC:  6    Str: 11    XL:     5   Next: 50%
Magic:  3/8        EV: 12    Int: 16    God:
Gold:   269        SH:  0    Dex: 11    Spells: 3 memorised, 2 levels left

rFire  . . .     SeeInvis .     k - +1 dagger (elec)
rCold  . . .     Gourm    .     (armour unavailable)
rNeg   . . .     Faith    .     (no shield)
rPois  .         Spirit   .     (helmet restricted)
rElec  .         Reflect  .     j - +0 cloak
rCorr  .         Harm     .     (no gloves)
MR     .....                    (no boots)
Stlth  ++........               (no amulet)
                                (no ring)
                                (no ring)

@: flying
A: unfitting armour, cold-blooded, AC +5
a: no special abilities


You were on level 4 of the Dungeon.
You were hungry.

You visited 1 branch of the dungeon, and saw 4 of its levels.

You collected 269 gold pieces.

Inventory:

Hand Weapons
 d - a +0 dagger of venom
 g - a +0 spear
 k - a +1 dagger of electrocution (weapon)
Armour
 j - a +0 cloak (worn)
Scrolls
 e - 4 scrolls of identify {unknown}
 f - a scroll of amnesia {unknown}
 l - a scroll of recharging {unknown}
 n - 2 scrolls of noise {unknown}
 o - 2 scrolls of remove curse {unknown}
 s - a scroll of enchant armour {unknown}
 t - 2 scrolls of random uselessness {unknown}
Potions
 i - a potion of flight
 m - a potion of cure mutation {unknown}
 u - a potion of resistance {unknown}
Books
 a - a book of Callings

   Spells                             Type                      Level
   a - Summon Small Mammal            Summoning                    1
   b - Call Imp                       Summoning                    2
   c - Call Canine Familiar           Summoning                    3
   d - Summon Guardian Golem          Hexes/Summoning              3
   e - Summon Lightning Spire         Summoning/Air                4
   f - Summon Ice Beast               Ice/Summoning                4
Comestibles
 b - 4 bread rations
 c - a beef jerky
 p - 3 meat rations
 q - a slice of pizza
 r - 7 chunks of flesh


   Skills:
 - Level 2.1 Fighting
 - Level 1.7 Dodging
 - Level 1.7 Stealth
 - Level 2.0 Spellcasting
 * Level 6.4 Summonings


You had 2 spell levels left.
You knew the following spells:

 Your Spells              Type           Power        Failure   Level  Hunger
a - Summon Small Mammal   Summ           ###.         1%          1    #......
b - Call Imp              Summ           ###.....     2%          2    ###....
c - Call Canine Familiar  Summ           ###.....     6%          3    ###....


Dungeon Overview and Level Annotations

Branches:
Dungeon (4/15)
 Temple: D:4-7

Altars:
Cheibriados
Gozag
Kikubaaqudgha
Ru

Annotations:
D:4 Pikel


Innate Abilities, Weirdness & Mutations

Your plain brown scales are hard. (AC +5)
You cannot fit into any form of body armour.
You are cold-blooded and may be slowed by cold attacks.


Message History

Your hound barely misses Pikel.
Pikel misses you.
Your hound bites Pikel.
You hit Pikel but do no damage.
Pikel is lightly wounded.
Your iron imp completely misses the slave.
Your hound closely misses Pikel.
The slave hits you!
* * * LOW HITPOINT WARNING * * *
Pikel barely misses you.
Unknown command.
It was a potion of flight.
You feel very buoyant.
You fly up into the air.
Your hound barely misses Pikel.
Your iron imp hits the slave.
The slave hits you.
* * * LOW HITPOINT WARNING * * *
Pikel misses you.
Your hound barely misses Pikel.
It was a potion of curing.
You feel better.
Your hound barely misses Pikel.
The slave barely misses you.
Pikel hits you with a whip of electrocution!
* * * LOW HITPOINT WARNING * * *
You are electrocuted!
You die...

#..#...###..#
##...###..##
#......p..#.....
#.........#.....
#.p.......#....
#.........##..#
#.........##..##
####...###..##....
#@Kp...###'###...>
##ph...#..........
#.5...#....##..##
##....##...##..##
########+###....
#..........
#..........
#....##.... #.###
#....


You could see Pikel, 2 slaves, a friendly hound and a friendly iron imp.

Vanquished Creatures
  A hound (D:4)
  An orc wizard (D:3)
  3 adders
  2 oozes
  A worm (D:2)
  3 dart slugs (D:3)
  3 leopard geckos
  8 orcs
  A bat (D:3)
  4 giant cockroaches
  9 hobgoblins
  3 jackals (D:1)
  A quokka (D:3)
  5 frilled lizards
  7 goblins
  9 kobolds
  9 rats
70 creatures vanquished.

Vanquished Creatures (collateral kills)
  Jessica (D:2)
  A leopard gecko (D:1)
  A giant cockroach (D:1)
  A goblin (D:1)
  2 hobgoblins (D:1)
  A jackal (D:1)
  2 frilled lizards (D:1)
  2 rats
11 creatures vanquished.

Grand Total: 81 creatures vanquished

Notes
Turn   | Place    | Note
-------+----------+-------------------------------------------
     0 | D:1      | sveltemanboy the Draconian Summoner began the quest for the Orb.
     0 | D:1      | Reached XP level 1. HP: 14/14 MP: 3/3
   496 | D:1      | Reached XP level 2. HP: 6/20 MP: 0/5
   717 | D:1      | Learned a level 2 spell: Call Imp
  1143 | D:1      | Reached skill level 1 in Fighting
  1183 | D:1      | Reached XP level 3. HP: 25/28 MP: 6/6
  1481 | D:1      | Reached skill level 5 in Summonings
  1497 | D:1      | Learned a level 3 spell: Call Canine Familiar
  1811 | D:2      | Noticed Jessica
  1821 | D:2      | Killed Jessica
  1821 | D:2      | Reached XP level 4. HP: 36/36 MP: 4/7
  2035 | D:2      | Found a snail-covered altar of Cheibriados.
  2414 | D:3      | Found a sacrificial altar of Ru.
  2591 | D:3      | Found an ancient bone altar of Kikubaaqudgha.
  2663 | D:3      | Reached XP level 5. HP: 39/41 MP: 8/8
  2792 | D:3      | Reached skill level 6 in Summonings
  2899 | D:3      | Found an opulent altar of Gozag.
  3271 | D:4      | Noticed a slave
  3271 | D:4      | Noticed a slave
  3272 | D:4      | Noticed Pikel
  3272 | D:4      | Noticed a slave
  3273 | D:4      | Noticed a slave
  3298 | D:4      | HP: 1/41 [Pikel/whip of electrocution (8)]
  3298 | D:4      | Mangled by Pikel

Skill      XL: |  1  2  3  4  5 |
---------------+----------------+-----
Fighting       | 1 2 |  2.1
Summonings     | 5 6 |  6.4
Dodging        | |  1.7
Stealth        | |  1.7
Spellcasting   | |  2.0

Action                   |  1- 3 |  4- 6 || total
-------------------------+-------+-------++-------
Melee: Unarmed           |    28 |       ||    28
       Spear             |    44 |       ||    44
       Tailslap          |     8 |    13 ||    21
       Dagger            |    68 |   117 ||   185
 Cast: Summon Small Mamm |    25 |       ||    25
       Call Canine Famil |     1 |     1 ||     2
       Call Imp          |       |     1 ||     1
  Use: Potion            |       |     2 ||     2
 Stab: Sleeping          |     5 |     5 ||    10
  Eat: Chunk             |     4 |     4 ||     8
Armor: Skin              |    36 |    34 ||    70
Dodge: Dodged            |    66 |    65 ||   131
